AoeStats
← VS

Glade

510307722Analyzed
1v1 RM · 23h ago on Sep 30, 2026· 18m 22s· 2 players
Game mode
Random Map
Map size
Tiny (2 player)
Population
200
Speed
Normal
Resources
Standard
Victory
Conquest
Starting age
Dark Age
Ending age
Imperial Age
RankedLock teamsTeams togetherTeam positionsShared explorationLock speedFull tech treeHidden civsTurbo modeCheats
Victory
Defeat
🇬🇪 Franks · Georgia
885
+15
🇦🇷 Burmese · Argentina
860
-15
ZielinskyRuso
7:28 Loom
10:53 Feudal Age
14:39 Town Watch
19:08 Castle Age
18:02 Horse Collar
VS
2:39 Loom
9:47 Feudal Age
11:13 Wheelbarrow
16:00 Castle Age
17:44 Double-Bit Axe
Connection lost

Rejoining the realm…

Still unreachable

The connection could not be restored.

Session expired

The server has moved on; the page needs a fresh start.